 Dungeon Crawl Stone Soup version 0.13.1-27-ga479965 (webtiles) character file.

403509 Chiseanne the Sorcerer (level 22, -9/159 HPs)
             Began as a Demonspawn Fire Elementalist on Jan 31, 2014.
             Was the Champion of Vehumet.
             Mangled by a long sword (11 damage)
             ... on Level 3 of the Vaults on Feb 1, 2014.
             The game lasted 10:58:23 (99799 turns).

Chiseanne the Sorcerer (DsFE)                      Turns: 99799, Time: 10:58:23

HP  -9/159       AC  0     Str 21      XL: 22   Next: 25%
MP  33/45        EV 29     Int  8      God: Vehumet [******]
Gold 3778        SH  0     Dex 20      Spells: 16 memorised,  4 levels left

Res.Fire  : + . .   See Invis. : .   s - melded +10,+9 scimitar of the Beginning {pain, rC+ MR+}
Res.Cold  : + . .   Warding    : .   f - melded +1 robe of Ceyfix {rElec rN+}
Life Prot.: . . .   Conserve   : .   D - melded +0 shield (curse)
Res.Poison: +       Res.Corr.  : .   (helmet unavailable)
Res.Elec. : +       Clarity    : +   C - melded +0 cloak "Lamait" {Str-4 Int+3}
Sust.Abil.: . .     Spirit.Shd : .   y - melded -2 pair of gloves of Patience {Str+4}
Res.Mut.  : .       Stasis     : .   i - melded +2 pair of boots of Cocytus {Dex-2 Int+2}
Res.Rott. : .       Flight     : +   P - amulet of clarity
Saprovore : . . .                    d - melded ring of wizardry
                                     k - melded ring of fire

@: bat-form, flying, studying 2 skills, very slightly contaminated, very quick,
quite resistant to hostile enchantments, stealthy
A: (horns 0), blink 1, (cold resistance 0), conserve potions, powered by death
2, augmentation 2
a: Blink, Renounce Religion
}: 2/15 runes: decaying, gossamer


You were on level 3 of the Vaults.
You worshipped Vehumet.
Vehumet was exalted by your worship.
You were very hungry.
You were in bat-form.
You visited 8 branches of the dungeon, and saw 51 of its levels.
You also visited: Labyrinth.

You collected 6101 gold pieces.
You spent 2343 gold pieces at shops.

Inventory:

Hand weapons
 s - the +10,+9 scimitar of the Beginning (melded) {pain, rC+ MR+}
   (You found it on level 2 of the Elven Halls)

   In the hands of one skilled in necromantic magic, it inflicts extra damage on
   living creatures.
   It protects you from cold.
   It affects your resistance to hostile enchantments.
Armour
 f - the +1 robe of Ceyfix (melded) {rElec rN+}
   (You found it on level 1 of the Spider Nest)

   It insulates you from electricity.
   It protects you from negative energy.
 i - the +2 pair of boots of Cocytus (melded) {Dex-2 Int+2}
   (You found it on level 11 of the Dungeon)

   It affects your intelligence (+2).
   It affects your dexterity (-2).
 y - the -2 pair of gloves of Patience (melded) {Str+4}
   (You found it on level 7 of the Dungeon)

   It affects your strength (+4).
 C - the +0 cloak "Lamait" (melded) {Str-4 Int+3}
   (You found it on level 2 of the Lair of Beasts)

   It affects your strength (-4).
   It affects your intelligence (+3).
 D - a cursed +0 shield (melded)
Magical devices
 t - a wand of disintegration (1)
 S - a wand of heal wounds (0)
Comestibles
 z - 12 bread rations
Scrolls
 o - a scroll of brand weapon
 r - a scroll of vulnerability
 v - a scroll of remove curse
 L - 2 scrolls of silence
 O - 2 scrolls of immolation
 R - 3 scrolls of fog
Jewellery
 d - a ring of wizardry (melded)
 g - an uncursed ring of protection from cold
 j - a +0,+8 ring of slaying
 k - a ring of fire (melded)
 A - an uncursed ring of see invisible
 N - an uncursed ring of sustenance
 P - an amulet of clarity (around neck)
Potions
 b - a potion of resistance
 p - a potion of restore abilities
 w - 2 potions of flight
Books
 n - a manual of Long Blades
 J - a manual of Poison Magic
Magical staves
 a - an uncursed staff of energy
Miscellaneous
 c - a fan of gales (inert)
 m - a phial of floods (inert)
 x - a phial of floods
 B - a lamp of fire (inert)
 E - a phial of floods (inert)
 G - a sack of spiders
 I - a phial of floods
 M - a plain deck of defence {drawn: 3}
 W - a lamp of fire (inert)


   Skills:
 - Level 11.0 Fighting
 - Level 8.1 Long Blades
 - Level 6.8 Armour
 - Level 8.3 Dodging
 - Level 1.7 Stealth
 - Level 10.0 Shields
 - Level 22.2 Spellcasting
 - Level 19.1 Conjurations
 + Level 9.3 Transmutations
 - Level 10.8 Fire Magic
 - Level 9.1 Poison Magic


You had 4 spell levels left.
You knew the following spells:

 Your Spells              Type           Power        Failure   Level  Hunger
a - Iskenderun's Mystic   Conj           #####...     1%          4    ###....
b - Bolt of Fire          Conj/Fire      ####......   1%          6    ######.
c - Conjure Flame         Conj/Fire      ####....     1%          3    None
d - Fireball              Conj/Fire      ####......   1%          5    ####...
e - Inner Flame           Hex/Fire       ###.....     1%          3    None
f - Ignite Poison         Fire/Trmt      ###.......   2%          5    ####...
g - Orb of Destruction    Conj           #####.....   1%          7    #######
h - Repel Missiles        Chrm/Air       #.........   24%         2    None
i - Shroud of Golubria    Chrm/Tloc      #.........   24%         2    None
j - Flight                Chrm/Air       #.........   32%         3    None
k - Passwall              Trmt/Erth      ###.......   8%          3    None
l - Apportation           Tloc           #.........   14%         1    None
m - Iron Shot             Conj/Erth      ###.......   10%         6    ######.
n - Regeneration          Chrm/Necr      #.........   32%         3    None
o - Cure Poison           Pois           ###.......   2%          2    None
p - Statue Form           Trmt/Erth      ###.......   98%         6    ######.


Dungeon Overview and Level Annotations

Branches:
Dungeon (22/27)            Temple (1/1) D:4             Orc (4/4) D:11
    Elf (3/3) Orc:3          Lair (8/8) D:10          Swamp (5/5) Lair:6
 Spider (5/5) Lair:4        Slime (0/6) Lair:7       Vaults (3/5) D:20
  Blade (0/1) Vaults:3      Crypt (0/5) Vaults:3

Altars:
Ashenzari
Cheibriados
Elyvilon
Fedhas
Kikubaaqudgha
Makhleb
Nemelex Xobeh
Okawaru
Sif Muna
Trog
Vehumet
Xom
Yredelemnul
Zin
the Shining One
Beogh
Jiyva

Shops:
Orc:3 *   Orc:4 /[((   Elf:1 *   Elf:2 /   Vaults:3 [

Portals:
Hell: D:21 D:22
Abyss: D:21
Pandemonium: D:22
Trove: Vaults:2 (give 12 potions of heal wounds)

Annotations:
Swamp:4 exclusion: Roxanne, Roxanne


Innate Abilities, Weirdness & Mutations

((You have a pair of large horns on your head.))*
((You are completely covered in yellow scales (AC +4, rCorr).))*
((Your flesh is cold resistant.))*
You are very good at protecting items from cold.
You can steal the life force of defeated enemies.
Your magical and physical power is enhanced at high health.
You can translocate small distances at will.


Message History

You turn into a bat.
The +10,+9 scimitar of the Beginning {pain, rC+ MR+} melds into your body.
The +0 cloak "Lamait" {Str-4 Int+3} melds into your body.
You feel stronger.
You feel stupid.
The -2 pair of gloves of Patience {Str+4} melds into your body.
You feel weaker.
The +2 pair of boots of Cocytus {Dex-2 Int+2} melds into your body.
You feel stupid.
You feel agile.
Your cursed +0 shield melds into your body.
The +1 robe of Ceyfix {rElec rN+} melds into your body.
Your ring of fire melds into your body.
Your ring of wizardry melds into your body.
You are feeling very hungry.
The long sword misses you.
Your water elemental barely misses the long sword.
Your water elemental completely misses the long sword.
The long sword hits you!
You die...

..#. #..#()).#
#.#..###.(#(#§#
#...#.#...#).#
#.#)...≈(≈#.#.#..
......≈≈≈≈≈)...).#
######'#B#######..
#.....EE≈# ...
#.....(..# .
#....b...#
#........#
#........#
#........#
##########


You could see a boulder beetle, a long sword and 2 friendly water elementals.

Vanquished Creatures
  An ancient lich (D:20)
  Margery (D:22)
  Mara (D:19)
  Xtahua (Swamp:5)
  A Brimstone Fiend (Elf:2)
  Arachne (Spider:2)
  An Ice Fiend (D:20)
  A tentacled monstrosity (Swamp:5)
  4 deep elf blademasters
  2 deep elf master archers (Elf:3)
  A lich (D:20)
  A sphinx (Vaults:2)
  Rupert (Lair:4)
  Kirke (Swamp:3)
  Wiglaf (Spider:5)
  8 deep elf sorcerers
  6 vault wardens
  Aizul (Swamp:1)
  Louise (Swamp:4)
  2 ghost moths (Spider:5)
  6 emperor scorpions
  Jorgrun (D:19)
  8 stone giants
  8 deep elf demonologists
  Azrael (Elf:2)
  7 deep elf annihilators
  2 green deaths (Swamp:5)
  The ghost of smajdalf the Geomancer, a powerful DrCj of Vehumet (D:13)
  15 vault guards
  Snorg (Swamp:3)
  5 deep elf death magi (Elf:3)
  4 dragons
  7 ironheart preservers
  A siren (Swamp:1)
  12 yaktaur captains
  An ice dragon (Vaults:3)
  A minotaur (Lab)
  4 deep elf high priests (Elf:3)
  A draconian (shapeshifter) (D:14)
  A great orb of eyes (Vaults:2)
  Fannar (Lair:1)
  Harold (Lair:5)
  10 alligators
  13 ogre magi
  A ravenous feature mimic (Vaults:2)
  3 dancing weapons (Vaults:3)
  An anaconda (shapeshifter) (Elf:1)
  22 hydras
  Erica (Orc:4)
  The ghost of Chiseanne the Arsonist, a powerful GrFE of Vehumet (D:12)
  A deep troll earth mage (D:21)
  A deep troll shaman (D:21)
  3 rakshasas
  The ghost of Chiseanne the Nimble, a powerful GrTm of Nemelex Xobeh (D:11)
  15 death yaks
  3 spectral elves (Elf:3)
  3 orc high priests
  A fire crab (D:21)
  3 catoblepae (Lair:8)
  3 hell knights (D:22)
  4 iron golems (D:20)
  25 centaur warriors
  4 very ugly things
  Nergalle (Elf:1)
  An iron troll (D:21)
  4 flayed ghosts
  26 deep elf knights
  The ghost of germz the Skirmisher, an experienced DsFi of Okawaru (D:7)
  A wizard (D:20)
  5 skeletal warriors
  A large abomination (Swamp:5)
  8 swamp dragons
  3 deep trolls (D:21)
  2 shadow wraiths
  11 hill giants
  3 unseen horrors
  2 humans
  9 giant amoebae
  7 ironbrand convokers
  22 orc knights
  4 crystal golems (D:20)
  Joseph (D:7)
  18 deep elf conjurers
  A sphinx zombie (D:21)
  6 orc sorcerers
  4 necromancers
  5 harpies
  9 cyclopes
  8 red wasps
  5 frost giant zombies
  5 stone giant zombies
  A moth of wrath (Spider:5)
  30 wolf spiders
  14 griffons
  7 black mambas
  6 elephants
  5 vault sentinels
  14 deep elf summoners
  Maurice (D:10)
  2 item mimics
  9 stone giant skeletons
  4 stone golems (D:20)
  A spiny worm (Spider:4)
  A vapour (Swamp:5)
  An oklob plant (Lair:6)
  A sixfirhy (D:13)
  4 spriggan druids
  22 spiny frogs
  Psyche (D:10)
  3 orange demons (Swamp:5)
  A mermaid (shapeshifter) (D:19)
  A spiny frog (shapeshifter) (D:19)
  31 yaktaurs
  A centaur zombie (D:20)
  20 demonic crawlers
  A moth of suppression (Spider:2)
  A fire drake (shapeshifter) (D:21)
  2 redback zombies (D:20)
  23 orb spiders
  9 trolls
  4 fire drakes
  48 jumping spiders
  4 iron troll zombies
  10 deep elf priests
  3 giant fireflies (Lair:6)
  A human zombie (D:20)
  A jumping spider (shapeshifter) (Elf:2)
  Grinder (D:4)
  A polar bear (D:7)
  A harpy zombie (D:16)
  8 blink frogs
  19 spriggans (Lair:6)
  2 brown oozes (D:15)
  An iron troll skeleton (D:20)
  2 giant leeches (Swamp:1)
  A wind drake (shapeshifter) (D:9)
  A spriggan (shapeshifter) (Vaults:3)
  Prince Ribbit (D:6)
  4 komodo dragons
  A trapdoor spider zombie (D:16)
  A baby alligator (shapeshifter) (Vaults:2)
  33 two-headed ogres
  106 slime creatures
  A red wasp zombie (D:20)
  9 baby alligators
  2 ravens
  A stone giant simulacrum (D:21)
  A griffon zombie (D:16)
  A blink frog (shapeshifter) (D:18)
  26 bog bodies
  The ghost of Zapata the Cutter, an average KoBe of Trog (D:4)
  4 boulder beetles
  A grizzly bear (D:19)
  A wyvern (shapeshifter) (Elf:2)
  4 wyverns
  58 redbacks
  4 water elementals (D:20)
  7 sharks
  30 tarantellas
  4 toenail golems (D:20)
  A dragon skeleton (D:16)
  4 wraiths
  3 basilisks
  An ettin skeleton (D:20)
  53 yaks
  A spiny worm zombie (D:18)
  2 vampires
  Eustachio (D:6)
  29 deep elf magi
  104 ugly things
  A hill giant zombie (D:13)
  25 trapdoor spiders
  5 hungry ghosts
  A hog (Swamp:4)
  Grum (D:10)
  49 vampire mosquitoes
  21 wolves
  3 shadows
  11 hippogriffs
  7 clay golems
  2 rock worms
  32 deep elf fighters
  3 hill giant skeletons
  3 manticores
  36 swamp worms
  A soldier ant (D:15)
  3 mottled dragons
  A soldier ant (shapeshifter) (D:20)
  10 porcupines
  A redback simulacrum (Vaults:1)
  6 swamp drakes
  4 freezing wraiths
  2 necrophages
  6 hell hounds (Elf:2)
  A naga (Lair:1)
  4 sky beasts
  A black bear (D:6)
  A yellow wasp (shapeshifter) (D:18)
  6 ice beasts
  21 giant goldfish
  3 yellow wasps
  40 orc warriors
  A deep troll skeleton (D:21)
  A kobold demonologist (D:22)
  2 phantoms
  40 centaurs
  58 ogres
  2 boring beetles
  7 big kobolds
  A fire crab zombie (D:14)
  A komodo dragon zombie (D:11)
  3 rotting devils (Swamp:5)
  31 water moccasins
  3 wargs
  A yaktaur zombie (Vaults:1)
  2 brain worms (Spider:5)
  8 giant slugs
  Blork the orc (D:4)
  19 giant frogs
  12 crocodiles
  2 deep troll simulacra
  7 agate snails
  3 cyclops skeletons
  A manticore zombie (D:10)
  46 insubstantial wisps
  A yaktaur skeleton (D:17)
  A wyvern skeleton (D:4)
  A rock worm zombie (D:15)
  14 killer bees
  8 jellyfish
  A troll zombie (D:13)
  8 wights
  A troll skeleton (D:10)
  2 yak skeletons (D:11)
  A hippogriff skeleton (D:12)
  18 electric eels
  11 goliath beetles
  2 giant frog zombies
  A giant slug simulacrum (D:18)
  2 quasits
  A wolf skeleton (Lair:5)
  23 big fish
  A soldier ant zombie (D:11)
  3 jellies
  26 orc priests
  13 scorpions
  A water moccasin zombie (D:5)
  8 crimson imps
  A giant frog skeleton (D:5)
  10 hounds
  41 spiders
  A black bear skeleton (D:7)
  29 orc wizards
  A basilisk zombie (D:12)
  13 iguanas
  6 worker ants
  7 orange rats
  A spectral orc (Elf:1)
  19 sheep
  2 yak simulacra
  A big kobold zombie (D:10)
  A killer bee zombie (D:14)
  An ogre zombie (D:6)
  3 grizzly bear simulacra (Lair:5)
  3 boggarts (Vaults:2)
  2 mummies
  A mottled dragon simulacrum (D:15)
  3 gnolls (D:2)
  3 hound simulacra (Lair:5)
  22 adders
  85 green rats
  8 giant centipedes
  A steam dragon skeleton (D:11)
  A white imp (D:8)
  A worker ant simulacrum (D:8)
  13 giant mites
  5 worms
  An ufetubus (D:6)
  6 grey rats
  An adder simulacrum (D:8)
  A giant eyeball (D:8)
  2 sheep simulacra (Lair:5)
  12 giant geckos
  An iguana simulacrum (D:8)
  An ooze (D:4)
  213 orcs
  2 ball pythons
  37 bats
  2 giant cockroaches (D:2)
  28 goblins
  2 green rat zombies (Lair:5)
  18 hobgoblins
  26 jackals
  30 kobolds
  12 quokkas
  5 giant newts
  A giant newt skeleton (D:4)
  3 giant spores
  A goblin skeleton (D:5)
  2 illusory rakshasas (Vaults:2)
  An orc skeleton (D:10)
  48 rats
  3 rat simulacra (Lair:5)
  20 ballistomycetes
  2 bushes
  6 crawling corpses
  38 fungi
  49 plants
2813 creatures vanquished.

Vanquished Creatures (collateral kills)
  The ghost of elenap21 the Nimble, a powerful SpSk of Kikubaaqudgha (Lair:8)
  A centaur warrior (D:22)
  A giant amoeba (Vaults:2)
  A necromancer (D:22)
  A wolf spider (Spider:5)
  A frost giant skeleton (D:20)
  A spiny frog (Lair:8)
  A giant leech (Swamp:3)
  A grizzly bear (Lair:3)
  A blink frog (Lair:8)
  A shark (Lair:3)
  A yak (Lair:6)
  A deep elf fighter (Vaults:2)
  A clay golem (Vaults:2)
  A giant goldfish (Lair:3)
  2 centaurs (D:22)
  2 spectral orcs (Elf:1)
  2 green rats
  An orc (D:22)
22 creatures vanquished.

Vanquished Creatures (others)
  A very ugly thing (D:20)
  An ironbrand convoker (Vaults:2)
  An orc knight (D:22)
  A wolf spider (Spider:5)
  A fire giant zombie (D:20)
  A stone giant skeleton (D:20)
  A human (Swamp:4)
  An air elemental (Vaults:3)
  2 deep elf magi (Elf:1)
  2 ugly things (D:20)
  7 water elementals
  An ogre (D:20)
  2 big fish
  10 spiders
  3 giant mites (D:10)
  A grey rat (D:6)
  2 orcs (D:22)
  A bat (D:7)
  A giant spore (D:15)
  A rat (D:6)
  A ballistomycete (D:15)
  2 bushes
  22 fungi
  12 plants
78 creatures vanquished.

Grand Total: 2913 creatures vanquished

Notes
Turn   | Place    | Note
--------------------------------------------------------------
     0 | D:1      | Chiseanne, the Demonspawn Fire Elementalist, began the quest for the Orb.
     0 | D:1      | Reached XP level 1. HP: 13/13 MP: 3/3
   416 | D:1      | Gained mutation: You have a pair of small horns on your head. [demonic ancestry]
   416 | D:1      | Reached XP level 2. HP: 19/19 MP: 2/4
   691 | D:1      | Learned a level 2 spell: Throw Flame
  1227 | D:2      | Gained mutation: You are partially covered in yellow scales (AC +2). [demonic ancestry]
  1227 | D:2      | Reached XP level 3. HP: 22/24 MP: 2/6
  1500 | D:2      | Found a bloodstained altar of Trog.
  1520 | D:2      | Reached XP level 4. HP: 30/30 MP: 0/8
  1670 | D:2      | Reached skill level 3 in Spellcasting
  2006 | D:3      | Found a sparkling altar of Nemelex Xobeh.
  2326 | D:3      | Learned a level 3 spell: Conjure Flame
  2330 | D:3      | Learned a level 3 spell: Inner Flame
  2645 | D:4      | Noticed Blork the orc
  2837 | D:4      | Found a staircase to the Ecumenical Temple.
  2846 | D:4      | Gained mutation: You can steal the life force of nearby defeated enemies. [demonic ancestry]
  2846 | D:4      | Reached XP level 5. HP: 35/35 MP: 6/11
  2852 | Temple   | Entered the Ecumenical Temple
  3020 | Temple   | Became a worshipper of Vehumet
  3229 | D:4      | Noticed Zapata's ghost (average KoBe)
  3237 | D:4      | Killed Zapata's ghost
  3237 | D:4      | Reached skill level 4 in Spellcasting
  3237 | D:4      | Gained mutation: Your flesh is cold resistant. [demonic ancestry]
  3237 | D:4      | Reached XP level 6. HP: 37/41 MP: 3/14
  3468 | D:5      | Entered Level 5 of the Dungeon
  3787 | D:6      | Noticed Prince Ribbit
  3928 | D:6      | Learned a level 5 spell: Fireball
  4075 | D:6      | Acquired Vehumet's first power
  4075 | D:6      | Offered knowledge of Shock by Vehumet.
  4289 | D:6      | Reached skill level 5 in Spellcasting
  4302 | D:6      | Gained mutation: You have a pair of horns on your head. [demonic ancestry]
  4302 | D:6      | Reached XP level 7. HP: 40/46 MP: 5/18
  4413 | D:6      | Reached skill level 5 in Conjurations
  4796 | D:5      | Reached skill level 6 in Spellcasting
  5951 | D:4      | Noticed Grinder
  6151 | D:4      | Killed Grinder
  6151 | D:4      | Offered knowledge of Freeze by Vehumet.
  6151 | D:4      | Gained mutation: You can steal the life force of defeated enemies. [demonic ancestry]
  6151 | D:4      | Reached XP level 8. HP: 32/52 MP: 11/21
  6288 | D:4      | Killed Blork the orc
  6288 | D:4      | Reached skill level 7 in Spellcasting
  6964 | D:6      | Killed Prince Ribbit
  7150 | D:6      | Reached skill level 8 in Spellcasting
  7275 | D:6      | Noticed Eustachio
  7351 | D:6      | Killed Eustachio
  7459 | D:6      | Reached XP level 9. HP: 57/57 MP: 14/24
  8130 | D:6      | Offered knowledge of Searing Ray by Vehumet.
  8186 | D:6      | Reached skill level 9 in Spellcasting
  8190 | D:6      | Acquired Vehumet's second power
  8461 | D:7      | Noticed Joseph
  8845 | D:7      | Offered knowledge of Olgreb's Toxic Radiance by Vehumet.
  8988 | D:7      | Found a glowing silver altar of Zin.
  8998 | D:7      | Reached skill level 1 in Armour
  9025 | D:7      | Got a pair of fine gloves
  9032 | D:7      | Identified the cursed -2 pair of gloves of Patience {Str+4} (You found it on level 7 of the Dungeon)
  9127 | D:7      | Noticed germz's ghost (experienced DsFi)
  9139 | D:7      | Killed germz's ghost
  9139 | D:7      | Reached skill level 10 in Spellcasting
  9139 | D:7      | Reached XP level 10. HP: 15/63 MP: 11/27
  9179 | D:7      | Killed Joseph
 10479 | D:8      | Acquired Vehumet's third power
 10483 | D:8      | Paralysed by a giant eyeball for 2 turns
 11243 | D:8      | Found an iron altar of Okawaru.
 11612 | D:8      | Offered knowledge of Dazzling Spray by Vehumet.
 11732 | D:8      | Reached skill level 11 in Spellcasting
 12021 | D:8      | Found a snail-covered altar of Cheibriados.
 12021 | D:8      | Found a deep blue altar of Sif Muna.
 12072 | D:8      | Reached skill level 10 in Conjurations
 12408 | D:9      | Noticed a skeletal warrior
 12703 | D:9      | Killed a skeletal warrior
 12983 | D:9      | Gained mutation: You are mostly covered in yellow scales (AC +3). [demonic ancestry]
 12983 | D:9      | Reached XP level 11. HP: 51/68 MP: 14/29
 13566 | D:9      | Got a heavily runed leather armour
 13576 | D:9      | Identified the -5 leather armour "Smokhuy" {Str-2 Dex+4 Int+1} (You found it on level 9 of the Dungeon)
 13628 | D:9      | Found a shattered altar of Ashenzari.
 14063 | D:10     | Entered Level 10 of the Dungeon
 14132 | D:10     | Noticed Grum
 14366 | D:10     | Killed Grum
 14454 | D:10     | Found a blossoming altar of Fedhas.
 14753 | D:10     | Noticed Maurice
 14762 | D:10     | Killed Maurice
 15059 | D:10     | Noticed Psyche
 15063 | D:10     | Killed Psyche
 15318 | D:10     | Reached skill level 12 in Spellcasting
 15584 | D:10     | Offered knowledge of Airstrike by Vehumet.
 16012 | D:10     | Found a staircase to the Lair.
 16042 | Lair:1   | Entered Level 1 of the Lair of Beasts
 16380 | Lair:1   | Found a bloodstained altar of Trog.
 16562 | Lair:1   | Reached skill level 5 in Dodging
 16956 | Lair:1   | Noticed Fannar
 16962 | Lair:1   | Killed Fannar
 17614 | Lair:2   | Identified a scroll of acquirement
 17836 | Lair:2   | Got a faintly humming cloak
 17840 | Lair:2   | Identified the +0 cloak "Lamait" {Str-4 Int+3} (You found it on level 2 of the Lair of Beasts)
 17845 | Lair:2   | Learned a level 4 spell: Airstrike
 17846 | Lair:2   | Noticed a seven-headed hydra
 17854 | Lair:2   | Killed a seven-headed hydra
 18559 | Lair:3   | Offered knowledge of Bolt of Fire by Vehumet.
 18567 | Lair:3   | Learned a level 6 spell: Bolt of Fire
 19267 | Lair:3   | Reached XP level 12. HP: 74/74 MP: 8/31
 21412 | Lair:4   | Found a hole to the Spider Nest.
 21424 | Lair:4   | Noticed Rupert
 21426 | Lair:4   | Paralysed by Rupert for 7 turns
 21728 | Lair:3   | Reached skill level 13 in Spellcasting
 22286 | Lair:4   | Paralysed by Rupert for 5 turns
 22294 | Lair:4   | Killed Rupert
 22294 | Lair:4   | Offered knowledge of Ignite Poison by Vehumet.
 22507 | Lair:4   | Learned a level 5 spell: Ignite Poison
 22626 | Lair:4   | Reached skill level 5 in Armour
 22979 | Lair:5   | Noticed Harold
 23371 | Lair:5   | Killed Harold
 24521 | Lair:6   | Found a labyrinth entrance.
 24534 | Lab      | Entered a labyrinth
 27365 | Lab      | Noticed a minotaur
 27389 | Lab      | Killed a minotaur
 27410 | Lab      | Chiseanne: *note self* never daydream in a labyrinth with a minotaur!
 27432 | Lab      | Identified a +6 rod of striking (9/9) (You found it in a labyrinth)
 27808 | Lair:6   | Gained mutation: You have a pair of large horns on your head. [demonic ancestry]
 27808 | Lair:6   | Reached XP level 13. HP: 79/79 MP: 7/33
 28254 | Lair:6   | Found a staircase to the Swamp.
 28259 | Lair:6   | Offered knowledge of Lee's Rapid Deconstruction by Vehumet.
 28525 | Lair:6   | Noticed a spriggan rider
 28528 | Lair:6   | Killed a spriggan rider
 28528 | Lair:6   | Killed a giant firefly
 28528 | Lair:6   | Reached skill level 14 in Spellcasting
 28689 | Lair:6   | Noticed a spriggan rider
 28692 | Lair:6   | Reached skill level 5 in Fire Magic
 28694 | Lair:6   | Killed a spriggan rider
 28694 | Lair:6   | Killed a giant firefly
 28952 | Lair:6   | Noticed a spriggan rider
 28958 | Lair:6   | Killed a spriggan
 28959 | Lair:6   | Killed a giant firefly
 28962 | Lair:6   | Reached skill level 1 in Shields
 29533 | Lair:7   | Found a staircase to the Slime Pits.
 29533 | Lair:7   | Found a viscous altar of Jiyva.
 30795 | Lair:7   | Reached XP level 14. HP: 85/85 MP: 28/35
 31241 | Lair:8   | Entered Level 8 of the Lair of Beasts
 31322 | Lair:8   | Reached skill level 15 in Spellcasting
 31771 | Lair:8   | Noticed elenap21's ghost (powerful SpSk)
 31814 | Lair:8   | Killed elenap21's ghost
 33569 | Lair:8   | Got a twisted demon trident
 33574 | Lair:8   | Identified the +8,+8 demon trident "Rilef" {flame, Dex+2 Stlth+} (You found it on level 8 of the Lair of Beasts)
 34138 | D:11     | Noticed Chiseanne's ghost (powerful GrTm)
 34152 | D:11     | Killed Chiseanne's ghost
 34171 | D:11     | Got a pair of jewelled boots
 34313 | D:11     | Offered knowledge of Poisonous Cloud by Vehumet.
 34690 | D:11     | Identified the +2 pair of boots of Cocytus {Dex-2 Int+2} (You found it on level 11 of the Dungeon)
 34972 | D:11     | Found a staircase to the Orcish Mines.
 35133 | Orc:1    | Entered Level 1 of the Orcish Mines
 36057 | Orc:2    | Offered knowledge of Orb of Destruction by Vehumet.
 36101 | Orc:2    | Learned a level 7 spell: Orb of Destruction
 36235 | Orc:2    | Found a bloodstained altar of Trog.
 37425 | Orc:3    | Found Umiomant's Assorted Antiques.
 37553 | Orc:3    | Bought a potion of heal wounds for 87 gold pieces
 37553 | Orc:3    | Bought a scroll labeled GUGICA MESHE for 29 gold pieces
 37553 | Orc:3    | Bought a scroll labeled TEUCEN TWI for 29 gold pieces
 37553 | Orc:3    | Bought a scroll labeled TWEL IWKYFF for 29 gold pieces
 37553 | Orc:3    | Bought a potion of agility for 72 gold pieces
 37553 | Orc:3    | Bought a potion of curing for 58 gold pieces
 37560 | Orc:3    | Bought a warped falchion for 232 gold pieces
 37560 | Orc:3    | Bought a potion of might for 72 gold pieces
 37560 | Orc:3    | Bought a scroll of remove curse for 87 gold pieces
 37560 | Orc:3    | Bought a scroll of immolation for 29 gold pieces
 37560 | Orc:3    | Bought a potion of speed for 159 gold pieces
 37561 | Orc:3    | Identified the +1,+7 falchion of Styhu {flame, Contam +Fly rPois rN+} (You bought it in a shop on level 3 of the Orcish Mines)
 37652 | Orc:3    | Found a staircase to the Elven Halls.
 37799 | Orc:3    | Offered knowledge of Conjure Ball Lightning by Vehumet.
 39026 | Orc:4    | Entered Level 4 of the Orcish Mines
 39031 | Orc:4    | Reached skill level 1 in Fighting
 39175 | Orc:4    | Reached skill level 10 in Fire Magic
 39176 | Orc:4    | Reached XP level 15. HP: 92/92 MP: 36/36
 39323 | Orc:4    | Found Skax's Weapon Emporium.
 39324 | Orc:4    | Found Zaifiep's Magical Wand Shoppe.
 39324 | Orc:4    | Found Shriseema's Weapon Boutique.
 39324 | Orc:4    | Found Klali's Armour Boutique.
 39765 | Orc:4    | Noticed Erica
 39767 | Orc:4    | Killed Erica
 40350 | Elf:1    | Entered Level 1 of the Elven Halls
 41525 | D:12     | Noticed Chiseanne's ghost (powerful GrFE)
 41527 | D:12     | Killed Chiseanne's ghost
 41527 | D:12     | Offered knowledge of Lehudib's Crystal Spear by Vehumet.
 41527 | D:12     | Offered knowledge of Shatter by Vehumet.
 41527 | D:12     | Offered knowledge of Tornado by Vehumet.
 42360 | D:13     | Reached skill level 5 in Shields
 43486 | D:13     | Noticed smajdalf's ghost (powerful DrCj)
 43492 | D:13     | Killed smajdalf's ghost
 43492 | D:13     | Reached skill level 5 in Fighting
 44163 | D:13     | Found a roughly hewn altar of Beogh.
 44266 | D:14     | Entered Level 14 of the Dungeon
 45873 | D:15     | Entered Level 15 of the Dungeon
 47336 | D:15     | Found a viscous altar of Jiyva.
 48480 | D:16     | Gained mutation: You are completely covered in yellow scales (AC +4, rCorr). [demonic ancestry]
 48480 | D:16     | Reached XP level 16. HP: 111/111 MP: 25/37
 48643 | D:16     | Found a bloodstained altar of Trog.
 48646 | D:16     | Found a glowing golden altar of the Shining One.
 49143 | D:16     | Found Bacveshro's Food Shoppe.
 49152 | D:16     | Bought an apple for 9 gold pieces
 49152 | D:16     | Bought an apple for 9 gold pieces
 49152 | D:16     | Bought a banana for 14 gold pieces
 50601 | D:18     | Learned a level 3 spell: Regeneration
 50604 | D:18     | Learned a level 2 spell: Repel Missiles
 51325 | D:18     | Reached skill level 10 in Shields
 52039 | D:19     | Gained mutation: You can translocate small distances at will. [potion of beneficial mutation]
 52143 | D:19     | Reached skill level 16 in Spellcasting
 52325 | D:19     | Noticed Mara
 52338 | D:19     | Killed Mara
 52338 | D:19     | Reached skill level 10 in Fighting
 52652 | D:19     | Noticed Jorgrun
 52659 | D:19     | Killed Jorgrun
 53741 | D:16     | Bought a meat ration for 48 gold pieces
 53741 | D:16     | Bought a meat ration for 48 gold pieces
 53741 | D:16     | Bought a bread ration for 48 gold pieces
 53741 | D:16     | Bought a bread ration for 48 gold pieces
 53741 | D:16     | Bought a meat ration for 48 gold pieces
 53741 | D:16     | Bought a meat ration for 48 gold pieces
 53741 | D:16     | Bought a meat ration for 48 gold pieces
 54558 | D:20     | Entered Level 20 of the Dungeon
 55859 | D:20     | Gained mutation: You are very good at protecting items from cold. [demonic ancestry]
 55859 | D:20     | Reached XP level 17. HP: 88/124 MP: 6/38
 56657 | D:20     | Found a staircase to the Vaults.
 58217 | D:20     | Reached skill level 17 in Spellcasting
 58486 | Vaults:1 | Entered Level 1 of the Vaults
 61078 | D:21     | Gained mutation: Your magical and physical power is slightly enhanced at high health. [demonic ancestry]
 61078 | D:21     | Reached XP level 18. HP: 131/131 MP: 28/40
 61462 | D:21     | Identified the Volume of Malediction and the Mountains
 61532 | D:21     | Reached skill level 18 in Spellcasting
 61541 | D:21     | Reached skill level 15 in Conjurations
 62567 | D:21     | Found a gateway to Hell.
 62718 | D:21     | Found a one-way gate to the infinite horrors of the Abyss.
 63187 | D:22     | Noticed Margery
 63524 | Lair:1   | Learned a level 2 spell: Shroud of Golubria
 63528 | Lair:1   | Learned a level 3 spell: Flight
 63532 | Lair:1   | Learned a level 3 spell: Passwall
 63691 | Swamp:1  | Entered Level 1 of the Swamp
 63818 | Swamp:1  | Noticed Aizul
 63841 | Swamp:1  | Killed Aizul
 64123 | Swamp:1  | Learned a level 1 spell: Apportation
 65333 | Swamp:2  | Paralysed by you for 5 turns
 65911 | Swamp:2  | Learned a level 6 spell: Iron Shot
 65916 | Swamp:2  | Learned a level 4 spell: Iskenderun's Mystic Blast
 66432 | Swamp:3  | Reached skill level 19 in Spellcasting
 66627 | Swamp:3  | Noticed Snorg
 66630 | Swamp:3  | Killed Snorg
 67688 | Swamp:4  | Noticed Kirke
 67695 | Swamp:4  | Noticed Louise
 67700 | Swamp:3  | Killed Kirke
 68069 | Swamp:4  | Killed Louise
 68069 | Swamp:4  | Reached XP level 19. HP: 99/138 MP: 40/41
 68806 | Swamp:4  | Noticed Roxanne
 69072 | Swamp:5  | Entered Level 5 of the Swamp
 69072 | Swamp:5  | Noticed Xtahua
 69578 | Swamp:5  | Killed Xtahua
 70158 | Swamp:5  | Learned a level 2 spell: Cure Poison
 71979 | Spider:1 | Entered Level 1 of the Spider Nest
 72701 | Spider:1 | Found a roughly hewn altar of Beogh.
 72746 | Spider:1 | Got a bloodstained robe
 72773 | Spider:1 | Identified the +1 robe of Ceyfix {rElec rN+} (You found it on level 1 of the Spider Nest)
 73081 | Spider:2 | Noticed Arachne
 73088 | Spider:2 | Killed Arachne
 73521 | Spider:2 | Reached skill level 20 in Spellcasting
 76527 | Spider:5 | Entered Level 5 of the Spider Nest
 76741 | Spider:5 | Reached XP level 20. HP: 129/145 MP: 36/43
 76898 | Spider:5 | Chiseanne: imagine that! ..poisoned from a huge spider, carrying overweight and surrounded by mean spiders...than..eating a choko
 77840 | Spider:5 | Noticed Wiglaf
 77844 | Spider:5 | Killed Wiglaf
 77908 | Spider:5 | Reached skill level 21 in Spellcasting
 78226 | Spider:5 | Got a gossamer rune of Zot
 79509 | Elf:1    | Found Skoul's General Store.
 79520 | Elf:1    | Bought a potion of resistance for 98 gold pieces
 79520 | Elf:1    | Bought an apple for 11 gold pieces
 79520 | Elf:1    | Bought a scroll of teleportation for 42 gold pieces
 79520 | Elf:1    | Bought a potion of speed for 77 gold pieces
 80145 | Elf:1    | Noticed Nergalle
 80166 | Elf:1    | Killed Nergalle
 80522 | Elf:2    | Found Tyamo's Magical Wand Shop.
 80532 | Elf:2    | Bought a wand of heal wounds (5) for 864 gold pieces
 80545 | Elf:2    | Noticed Azrael
 80553 | Elf:2    | Killed Azrael
 81047 | Elf:2    | Got an ivory scimitar
 81048 | Elf:2    | Identified the +10,+9 scimitar of the Beginning {pain, rC+ MR+} (You found it on level 2 of the Elven Halls)
 81253 | Elf:2    | Found a shimmering altar of Xom.
 81771 | Elf:3    | Entered Level 3 of the Elven Halls
 84262 | Elf:3    | Reached skill level 22 in Spellcasting
 84305 | Elf:3    | Reached XP level 21. HP: 144/151 MP: 44/44
 84679 | Elf:3    | Got a pair of transparent gloves
 84683 | Elf:3    | Identified the +1 pair of gloves of the Snake Pit {Str+2} (You acquired it on level 3 of the Elven Halls)
 84817 | Elf:3    | Got a fine sabre
 84836 | Elf:3    | Identified the Catalogue of Battle Magic and the Blaze (You found it on level 3 of the Elven Halls)
 84905 | Elf:3    | Identified the cursed -1,+3 sabre of Compulsion {pain, SInv Stlth-} (You found it on level 3 of the Elven Halls)
 84987 | Elf:3    | Identified the Papyrus of Toxins and Confrontation (You found it on level 3 of the Elven Halls)
 86744 | Swamp:5  | Reached skill level 1 in Poison Magic
 87849 | Swamp:5  | Reached skill level 1 in Long Blades
 88260 | Swamp:5  | Got a decaying rune of Zot
 89789 | D:20     | Noticed a lich
 89792 | D:20     | Killed a lich
 90127 | D:20     | Reached skill level 5 in Poison Magic
 90345 | D:20     | Noticed an ancient lich
 91278 | D:20     | Killed an ancient lich
 91278 | D:20     | Reached skill level 5 in Long Blades
 92742 | D:22     | Found a one-way gate leading to the halls of Pandemonium.
 92774 | D:22     | Paralysed by an ogre mage for 6 turns
 93106 | D:22     | Got a smoking emerald amulet
 93112 | D:22     | Identified the amulet "Baipnute" {Ward +Fly} (You found it on level 22 of the Dungeon)
 93453 | D:22     | Killed Margery
 94062 | Lair:1   | Shuffle card: Str 26[26], Int 8[13], Dex 15[13]
 94130 | Lair:1   | Learned a level 6 spell: Statue Form
 94581 | Vaults:2 | Reached skill level 1 in Transmutations
 95163 | Vaults:2 | Found a portal to a secret trove of treasure.
 96358 | Vaults:2 | Reached skill level 5 in Transmutations
 97473 | Vaults:2 | Gained mutation: Your magical and physical power is enhanced at high health. [demonic ancestry]
 97473 | Vaults:2 | Reached XP level 22. HP: 159/159 MP: 33/45
 98546 | Vaults:3 | Found a basalt altar of Yredelemnul.
 98546 | Vaults:3 | Found a staircase to the Crypt.
 98547 | Vaults:3 | Found an ancient bone altar of Kikubaaqudgha.
 98899 | Vaults:3 | Found Ifini's Antique Armour Emporium.
 99752 | Vaults:3 | Found a staircase to the Hall of Blades.
 99753 | Vaults:3 | Found a glowing silver altar of Zin.
 99796 | Vaults:3 | HP: 2/159 [long sword (8)]
 99799 | Vaults:3 | Mangled by a long sword

Action                   |  1- 3 |  4- 6 |  7- 9 | 10-12 | 13-15 | 16-18 | 19-21 | 22-24 || total
-------------------------+-------+-------+-------+-------+-------+-------+-------+-------++-------
Melee: Hand axe          |    28 |     4 |       |       |       |       |       |       ||    32
       Trident           |       |    11 |       |       |       |       |       |       ||    11
       Staff             |       |    10 |       |    15 |    30 |     3 |    32 |     2 ||    92
       Short sword       |       |     7 |       |       |       |       |       |       ||     7
       Falchion          |       |     4 |   117 |   163 |    38 |       |       |       ||   322
       Sabre             |       |       |     4 |       |       |       |       |       ||     4
       Demon trident     |       |       |       |       |   113 |    65 |    24 |       ||   202
       Scimitar          |       |       |       |       |       |       |    60 |    43 ||   103
Throw: Club              |       |     1 |       |       |       |       |       |       ||     1
 Cast: Flame Tongue      |    54 |   100 |   226 |   359 |    30 |       |       |       ||   769
       Conjure Flame     |       |    10 |    38 |    56 |    27 |     4 |     4 |       ||   139
       Inner Flame       |       |     5 |    18 |    34 |     3 |       |       |       ||    60
       Fireball          |       |       |     5 |   315 |   560 |   369 |   120 |    49 ||  1418
       Throw Flame       |       |       |     3 |    19 |   109 |       |       |       ||   131
       Bolt of Fire      |       |       |       |    10 |   150 |   405 |   385 |    78 ||  1028
       Airstrike         |       |       |       |     7 |       |       |       |       ||     7
       Orb of Destructio |       |       |       |       |    35 |    32 |    82 |       ||   149
       Ignite Poison     |       |       |       |       |     1 |     2 |   284 |       ||   287
       Regeneration      |       |       |       |       |       |     2 |     1 |       ||     3
       Repel Missiles    |       |       |       |       |       |     4 |     5 |     1 ||    10
       Iskenderun's Myst |       |       |       |       |       |   120 |   297 |       ||   417
       Shroud of Golubri |       |       |       |       |       |       |     2 |       ||     2
       Iron Shot         |       |       |       |       |       |       |    12 |       ||    12
       Flight            |       |       |       |       |       |       |     9 |       ||     9
       Statue Form       |       |       |       |       |       |       |       |     2 ||     2
 Abil: End Transformatio |       |       |     1 |       |       |       |       |       ||     1
Evoke: Wand              |       |       |     4 |    19 |     6 |     5 |    28 |     5 ||    67
       Deck              |       |       |     2 |       |     7 |       |     6 |       ||    15
       Miscellaneous     |       |       |       |     8 |    12 |     1 |    14 |     6 ||    41
  Use: Scroll            |       |     6 |    12 |    13 |    26 |    11 |    28 |     2 ||    98
       Potion            |       |     5 |     8 |    16 |     3 |    16 |    20 |    16 ||    84
 Stab: Distracted        |       |       |     1 |       |       |       |       |       ||     1
       Sleeping          |       |       |       |     2 |       |       |       |       ||     2
       Held in net/web   |       |       |       |       |     1 |       |       |       ||     1
       Invisible         |       |       |       |       |       |     2 |       |       ||     2
